 Dungeon Crawl Stone Soup version 0.22-a0-351-g29664b4 (webtiles) character file.

1176 Amnesiac the Nimble (level 8, -5/44 HPs)
             Began as a Spriggan Berserker on Apr 12, 2018.
             Was an Initiate of Okawaru.
             Slain by a polar bear (7 damage)
             ... created by the rage of Trog
             ... on level 5 of the Dungeon.
             The game lasted 00:08:37 (6555 turns).

Amnesiac the Nimble (Spriggan Berserker)            Turns: 6555, Time: 00:08:38

Health: -5/44      AC:  2    Str: 15    XL:     8   Next: 18%
Magic:  9/9        EV: 23    Int:  9    God:    Okawaru [......]
Gold:   289        SH:  0    Dex: 15    Spells: 5/7 levels left

rFire    . . .     SeeInvis +   a - +0 hunting sling (velocity)
rCold    . . .     Gourm    .   (shield restricted)
rNeg     . . .     Faith    .   c - +0 animal skin
rPois    .         Spirit   .   (helmet restricted)
rElec    .         Reflect  .   (no cloak)
rCorr    .         Harm     .   (gloves unavailable)
MR       +....                  (boots unavailable)
Stlth    +.........             (no amulet)
HPRegen  0.14/turn              l - ring of wizardry
MPRegen  0.11/turn              (no ring)

@: confused, drained, very quick
A: very small, unfitting armour, see invisible, herbivore, speed 3, slow
metabolism 2
a: Renounce Religion


You were on level 5 of the Dungeon.
You worshipped Okawaru.
Okawaru was noncommittal.
You were not hungry.

You visited 2 branches of the dungeon, and saw 7 of its levels.

You collected 289 gold pieces.

Inventory:

Hand Weapons
 a - a +0 hunting sling of velocity (weapon)
 b - a +4 falchion of slicing
Missiles
 k - 6 poisoned needles
 w - 2 throwing nets
 x - 15 bolts
 A - 124 stones (quivered)
 C - 32 sling bullets
Armour
 c - a +0 animal skin (worn)
Jewellery
 f - a cursed ring of teleportation {unknown}
 l - a ring of wizardry (left hand)
Wands
 p - a wand of flame (8)
 t - a wand of digging (22)
 z - a wand of scattershot (8)
Scrolls
 j - 2 scrolls of remove curse {!r, unknown}
 n - a scroll of amnesia {!r, unknown}
 o - a scroll of immolation {!r, unknown}
 y - a scroll of enchant armour {!r}
Potions
 d - a potion of agility {!q}
 e - 2 potions of brilliance {!q}
 g - 3 potions of curing {!q}
 h - a potion of mutation {!q}
 i - 2 potions of ambrosia {!q}
 m - 2 potions of haste {!q}
 q - a potion of heal wounds {!q}
 s - a potion of flight {!q}
Comestibles
 r - 3 rations


   Skills:
 * Level 6.1(5.8) Fighting
 - Level 5.0(4.7) Long Blades
 + Level 8.1(7.9) Dodging


You had 5 spell levels left.
You knew the following spells:

 Your Spells              Type           Power        Failure   Level  Hunger
a - Apportation           Tloc           #.....       16%         1    ##.....
z - Confusing Touch       Hex            #.....       16%         1    ##.....


Dungeon Overview and Level Annotations

Branches:
Dungeon (6/15)             Temple (1/1) D:5

Altars:
Elyvilon
Kikubaaqudgha
Okawaru
Sif Muna
Trog
Vehumet
Wu Jian
Xom
Zin
The Shining One

Annotations:
D:6 Edmund


Innate Abilities, Weirdness & Mutations

You are very small and have problems with some larger weapons.
You are too small for most types of armour.
You have supernaturally acute eyesight. (SInv)
You are a herbivore.
You cover ground extremely quickly.
You need to consume almost no food.


Message History

The bullfrog is lightly wounded.
The bullfrog hits you. The bullfrog completely misses you.
Firing (i - inventory. (/) - cycle)
A - 131 stones (quivered)
Press: ? - help, Shift-Dir - straight line, f/p - bullfrog
Aim: a bullfrog (lightly wounded)
You shoot a stone. The stone barely misses the bullfrog.
The bullfrog hits you!
Firing (i - inventory. (/) - cycle)
A - 130 stones (quivered)
Press: ? - help, Shift-Dir - straight line, f/p - bullfrog
Aim: a bullfrog (lightly wounded)
You shoot a stone. The stone hits the bullfrog!
The bullfrog is severely wounded.
The bullfrog misses you. The bullfrog hits you.
Firing (i - inventory. (/) - cycle)
A - 129 stones (quivered)
Press: ? - help, Shift-Dir - straight line, f/p - bullfrog
Aim: a bullfrog (severely wounded)
You shoot a stone. The stone hits the bullfrog.
The bullfrog is severely wounded.
The bullfrog closely misses you. x2
Firing (i - inventory. (/) - cycle)
A - 128 stones (quivered)
Press: ? - help, Shift-Dir - straight line, f/p - bullfrog
Aim: a bullfrog (severely wounded)
You shoot a stone. The stone closely misses the bullfrog.
The bullfrog misses you. x2
Firing (i - inventory. (/) - cycle)
A - 127 stones (quivered)
Press: ? - help, Shift-Dir - straight line, f/p - bullfrog
Aim: a bullfrog (severely wounded)
You shoot a stone. The stone closely misses the bullfrog.
The bullfrog closely misses you. The bullfrog completely misses you.
Firing (i - inventory. (/) - cycle)
A - 126 stones (quivered)
Press: ? - help, Shift-Dir - straight line, f/p - bullfrog
Aim: a bullfrog (severely wounded)
You shoot a stone. The stone hits the bullfrog.
You kill the bullfrog!
Okawaru accepts your kill. Edmund misses you.
Firing (i - inventory. (/) - cycle)
A - 125 stones (quivered)
Press: ? - help, Shift-Dir - straight line, f - Edmund
Aim: Edmund, wielding a dire flail of draining and wearing a chain mail You shoot a stone.
The stone hits Edmund.
Edmund is lightly wounded.
Edmund hits you with a dire flail of draining.
You feel drained.
There is an escape hatch in the ceiling here.
Edmund completely misses you. A mysterious force pulls you upwards.
The hatch slams shut behind you.
You start resting.
HP restored.
You start resting.
Trog sends monsters to punish you. The divine experience confuses you!
You are confused. 3 polar bears and a black bear come into view.
There is a stone staircase leading up here.
The polar bear completely misses you. The polar bear closely misses you.
The polar bear completely misses you.
The polar bear rages.
The black bear completely misses you. x2; The black bear claws you.
You hear an angry growl.
In your confused state, you trip and fall back down the stairs.
The polar bear bites you!!
Ouch! That really hurt!
* * * LOW HITPOINT WARNING * * *
The polar bear completely misses you. The polar bear barely misses you.
The polar bear misses you. The polar bear claws you!
You die...

# ## .## ########### ..#
#hh.......# ..#### #@h.......#
..#..###########h........########
.........[.......................
..##.#####.#####.........########
..##.# #.#####..##'##..#
..##.#####...#...##8.8#### #
................##.....## ##
..##..#######..##8.....8## #.
####...######.##.........#######.


You could see 3 polar bears and a black bear (berserk).

Vanquished Creatures
  Sigmund (D:3)
  2 ogres
  Blork the orc (D:5)
  2 bullfrogs (D:6)
  A gnoll sergeant (D:4)
  A scorpion (D:4)
  A water moccasin skeleton (D:4)
  A wight (D:5)
  A howler monkey (D:6)
  2 crimson imps
  A bullfrog skeleton (D:3)
  Natasha (thrice) (D:3)
  An orc wizard (D:4)
  A worker ant (D:4)
  Robin (D:2)
  7 gnolls
  5 adders
  3 oozes
  4 worms
  2 dart slugs
  4 leopard geckos
  10 orcs
  A ball python (D:2)
  3 bats
  7 giant cockroaches
  6 hobgoblins
  A frilled lizard (D:1)
  10 goblins
  6 kobolds
  A quokka skeleton (D:5)
  A quokka zombie (D:5)
  8 rats
99 creatures vanquished.

Notes
Turn   | Place    | Note
-------+----------+-------------------------------------------
     0 | D:1      | Amnesiac the Spriggan Berserker began the quest for the Orb.
     0 | D:1      | Reached XP level 1. HP: 11/11 MP: 2/2
   218 | D:1      | Reached XP level 2. HP: 9/16 MP: 3/3
  1117 | D:2      | Noticed Robin
  1121 | D:2      | Reached XP level 3. HP: 16/19 MP: 4/4
  1137 | D:2      | Killed Robin
  1763 | D:3      | Reached XP level 4. HP: 21/23 MP: 5/5
  1798 | D:3      | Reached ** piety under Trog
  2191 | D:3      | Reached skill level 5 in Dodging
  2191 | D:3      | Reached XP level 5. HP: 16/28 MP: 6/6
  2509 | D:3      | Noticed Sigmund
  2524 | D:3      | Killed Sigmund
  2524 | D:3      | Reached XP level 6. HP: 16/33 MP: 7/7
  2697 | D:3      | Noticed Natasha
  2702 | D:3      | Killed Natasha
  2916 | D:3      | Noticed Natasha
  2932 | D:3      | Killed Natasha
  3469 | D:3      | Noticed Natasha
  3476 | D:3      | Killed Natasha
  3476 | D:3      | Reached skill level 6 in Dodging
  3818 | D:4      | Reached XP level 7. HP: 31/38 MP: 8/8
  3847 | D:4      | Found an ancient bone altar of Kikubaaqudgha.
  3847 | D:4      | Found a faded altar of an unknown god.
  3854 | D:4      | Found a shimmering altar of Xom.
  3856 | D:4      | Found a radiant altar of Vehumet.
  3857 | D:4      | Found a faded altar of an unknown god.
  3963 | D:4      | Reached *** piety under Trog
  4268 | D:4      | Reached skill level 5 in Long Blades
  4503 | D:5      | Entered Level 5 of the Dungeon
  4601 | D:5      | Reached skill level 5 in Fighting
  4601 | D:5      | Reached skill level 7 in Dodging
  4640 | D:5      | Found a staircase to the Ecumenical Temple.
  4662 | D:5      | Noticed Blork the orc
  5062 | D:5      | Killed Blork the orc
  5232 | Temple   | Entered the Ecumenical Temple
  5252 | Temple   | Fell from the grace of Trog
  5252 | Temple   | Became a worshipper of Warmaster Okawaru
  5614 | D:5      | Learned a level 1 spell: Apportation
  5616 | D:5      | Learned a level 1 spell: Confusing Touch
  5761 | D:5      | Noticed a polar bear
  5761 | D:5      | Noticed a polar bear
  6242 | D:6      | Reached XP level 8. HP: 23/44 MP: 9/9
  6376 | D:6      | Noticed Edmund
  6435 | D:6      | Reached skill level 8 in Dodging
  6553 | D:5      | Noticed a polar bear
  6553 | D:5      | Noticed a polar bear
  6553 | D:5      | Noticed a polar bear
  6555 | D:5      | HP: 2/44 [polar bear[the rage of Trog] (29)]
  6555 | D:5      | Slain by a polar bear

Vault maps used:
D:1:      eino_arrival_water_cross
D:2:      uniq_robin
D:3:      uniq_sigmund, uniq_natasha
D:4:      chequers_temple_overflow_minitemple
D:5:      temple_pool_b, first_ration, dk_noncrumbling_4, uniq_blork_the_orc
D:6:      nicolae_ru_great_annihilating_truth, fedhas_altar_fruit_tree,
          uniq_edmund
Temple:   nicolae_temple_god_jail

Skill      XL: |  1  2  3  4  5  6  7  8 |
---------------+-------------------------+-----
Long Blades    | 3 4 5 |  5.0
Fighting       | 3 4 5 6 |  6.1
Dodging        | 5 6 7 8 |  8.1

Action                   |  1- 3 |  4- 6 |  7- 9 || total
-------------------------+-------+-------+-------++-------
Melee: Falchion          |    79 |   199 |    60 ||   338
 Fire: Hunting sling     |       |       |    55 ||    55
Invok: Berserk           |     1 |     4 |     1 ||     6
Evoke: Wand              |       |       |    13 ||    13
  Use: Scroll            |       |       |    11 ||    11
       Potion            |       |       |     1 ||     1
 Stab: Sleeping          |     3 |       |     1 ||     4
  Eat: Ration            |       |     3 |     2 ||     5
Armor: Animal skin       |     5 |     7 |     3 ||    15
Dodge: Dodged            |    66 |   158 |    97 ||   321
       Rpst.: Falchion   |    19 |    41 |    13 ||    73

Table legend:
 A = Spawn XP
 B = Non-spawn XP
 C = Spawn XP percentage of total XP
 D = Spawn monster count
 E = Non-spawn monster count
 F = Spawn count percentage of total count
 G = Total turns spent on level
                    A         B        C        D         E        F      G
               +---------+---------+-------+---------+---------+-------+---------
         Total |       0 |    1680 |   0.0 |       0 |      99 |   0.0 |  6555
               +---------+---------+-------+---------+---------+-------+---------
           D:1 |       0 |      19 |   0.0 |       0 |       8 |   0.0 |   974
           D:2 |       0 |      74 |   0.0 |       0 |      17 |   0.0 |   959
           D:3 |       0 |     476 |   0.0 |       0 |      39 |   0.0 |  1946
           D:4 |       0 |     517 |   0.0 |       0 |      20 |   0.0 |  1301
           D:5 |       0 |     243 |   0.0 |       0 |      10 |   0.0 |  1033
           D:6 |       0 |     351 |   0.0 |       0 |       5 |   0.0 |   305
               +---------+---------+-------+---------+---------+-------+---------
